 Dungeon Crawl Stone Soup version 0.26-a0-663-g36e8fdb655 (webtiles) character file.

Game seed: 7896363386263372515

12015 DogServant the Grappler (level 11, -5/97 HPs)
             Began as a Ghoul Ice Elementalist on Oct 11, 2020.
             Was a High Priest of Makhleb.
             Slain by a death yak (6 damage)
             ... on level 10 of the Dungeon.
             The game lasted 00:32:23 (11851 turns).

DogServant the Grappler (Ghoul Ice Elementalist)   Turns: 11851, Time: 00:32:24

Health: -5/97      AC:  8    Str: 15    XL:     11   Next: 86%
Magic:  7/15       EV: 13    Int: 10    God:    Makhleb [*****.]
Gold:   262        SH:  0    Dex: 16    Spells: 7/14 levels left

rFire    x . .     SeeInvis .     - Unarmed
rCold    + + .     Faith    .   (no shield)
rNeg     + + +     Spirit   .   h - +3 leather armour {MR+}
rPois    ∞         Reflect  .   (no helmet)
rElec    .         Harm     .   p - +1 cloak
rCorr    .         Rampage  .   (no gloves)
MR       +....                  (no boots)
Stlth    ++........             k - amulet of regeneration
HPRegen  0.00/turn              D - +6 ring of dexterity
MPRegen  0.14/turn              v - ring of ice

@: about to teleport, frozen ramparts, studying Shields
A: rotting body, claws 1, cold resistance 1, negative energy resistance 3,
inhibited regeneration, torment resistance, unbreathing
a: Minor Destruction, Lesser Servant of Makhleb, Major Destruction, Greater
Servant of Makhleb, Renounce Religion


You were on level 10 of the Dungeon.
You worshipped Makhleb.
Makhleb was extremely pleased with you.
You visited 1 branch of the dungeon, and saw 11 of its levels.
You also visited: Bailey.

You collected 562 gold pieces.
You spent 300 gold pieces at shops.

Inventory:

Hand Weapons
 C - a +0 arbalest
Missiles
 n - a silver boomerang (quivered)
 I - 372 bolts
Armour
 h - a +3 leather armour of magic resistance (worn)
 p - a +1 cloak (worn)
 r - a +0 buckler
 x - +0 acid dragon scales
Jewellery
 k - an amulet of regeneration (around neck)
 v - a ring of ice (right claw)
 z - the ring "Aneuz" {rPois EV+4}
   (You found it on level 7 of the Dungeon)

   [ring of evasion]

   It affects your evasion (+4).
   It protects you from poison.
 D - a +6 ring of dexterity (left claw)
 J - an uncursed ring of wizardry
Wands
 d - a wand of random effects (17)
 o - a wand of paralysis (15)
 q - a wand of polymorph (14)
 u - a wand of iceblast (8)
 K - a wand of flame (21)
 M - a wand of enslavement (7)
Scrolls
 a - a scroll of acquirement {unknown}
 w - 2 scrolls of blinking
 y - 2 scrolls of remove curse
 A - a scroll of magic mapping
 B - 4 scrolls of identify
 G - a scroll of amnesia
 H - 2 scrolls of enchant armour
 N - a scroll of brand weapon
Potions
 c - a potion of experience {unknown}
 e - a potion of cancellation
 f - a potion of degeneration
 g - a potion of might
 i - 2 potions of mutation
 j - a potion of invisibility
 l - 4 potions of ambrosia
 m - a potion of flight {unknown}
 s - a potion of heal wounds
 t - 5 potions of curing {unknown}
 E - a potion of lignification {unknown}
 F - a potion of haste {unknown}
Books
 L - a manual of Shields


   Skills:
 + Level 9.5 Fighting
 - Level 3.0 Armour
 - Level 3.0 Dodging
 - Level 2.1 Stealth
 - Level 4.0 Shields
 - Level 10.5 Unarmed Combat
 - Level 2.0 Spellcasting
 - Level 10.4 Ice Magic
 + Level 7.8 Invocations
 - Level 2.1 Evocations


You had 7 spell levels left.
You knew the following spells:

 Your Spells              Type           Power        Failure   Level
a - Freeze                Ice            ####         1%          1
b - Frozen Ramparts       Ice            ####..       1%          3
c - Ozocubu's Armour      Ice            ####....     1%          3

Your spell library contained the following spells:

 Spells                   Type           Power        Failure   Level
 Foxfire                  Conj/Fire      #...         36%         1
 Sting                    Tmut/Pois      #...         36%         1
 Hailstorm                Conj/Ice       ###.....     41%         4
 Summon Ice Beast         Ice/Summ       ###.....     41%         4
 Poisonous Vapours        Pois/Air       #.....       50%         2
 Conjure Flame            Conj/Fire      #.......     75%         3
 Ignite Poison            Fire/Tmut/Pois #.......     75%         3
 Inner Flame              Hex/Fire       #.......     75%         3
 Mephitic Cloud           Conj/Pois/Air  #.......     75%         3
 Olgreb's Toxic Radiance  Pois           #.......     98%         4
 Sticky Flame             Conj/Fire      #.......     98%         4
 Fireball                 Conj/Fire      #.........   100%        5


Dungeon Overview and Level Annotations

Branches:
Dungeon (11/15)            Temple (0/1) D:5            Lair (0/6) D:10
 Bailey (visited)
    Orc: D:9-12

Altars:
Ashenzari
Cheibriados
Elyvilon
Gozag
Kikubaaqudgha
Makhleb
Nemelex Xobeh
Okawaru
Trog
Wu Jian
Yredelemnul
Zin
The Shining One

Shops:
D:4 *   D:5 [   D:6 [

Portals:
Trove: D:10 (give 16 potions of curing)

Annotations:
D:7 4 runed translucent doors


Innate Abilities, Weirdness & Mutations

Your body is rotting away.
You thrive by killing the living.
You are immune to poison.
You have sharp fingernails.
Your flesh is cold resistant. (rC+)
You are immune to negative energy. (rN+++)
You do not regenerate when monsters are visible.
You are immune to unholy pain and torment.
You can survive without breathing.


Message History

The wall freezes the death yak.
The death yak gores you. x2
You barely miss the death yak.
The death yak is severely wounded.
A death yak comes into view.
The wall freezes the death yak.
The death yak gores you!!
* * * LOW HITPOINT WARNING * * *
The death yak bellows!
Okay, then.
Okay, then.
Okay, then.
As you read the scroll of teleportation, it crumbles to dust.
You feel strangely unstable.
You hear a bellow!
The death yak misses you.
The wall freezes the death yak.
Your icy armour cracks and falls away as you move.
The wall freezes the death yak.
The wall freezes the death yak. x3; The death yak gores you!
* * * LOW HITPOINT WARNING * * *
The wall freezes the death yak!
The death yak gores you.
You die...

,,,,,*,**...#...#.........#..#...
,,,,,,,,,,,,,,,,#.........#..#...
,,,,,,,,,,,,,,,,#...Y..####..#...
,,,,,,,,,,,,,,,,#......#..#..#...
,,,,,,,,,,,,,,,,#......#..'..#...
,,,,,,,,,,,,,,,,#....Y.#..#..#...
,,,,,,,,,,,,,,,,#......#..#..##'#
,,,******############.#####..#...
,,,,,,,,,.......@.Y....#..#..#...
,,,,,,,,,........YY....#..#..#...
,,,,,,,,,........>.....#..#..####
,,,,,,,,,..............#.....#...
,,,,,,,,,..............####..#...
,,,,,,,,,....................#...
,,,,,,,,,....................#...
*********########################


You could see 3 death yaks.

Vanquished Creatures
  A boulder beetle (D:7)
  2 two-headed ogres
  An orc knight (Bailey)
  A centaur zombie (D:10)
  Maggie (D:7)
  3 trolls (D:9)
  Prince Ribbit (D:8)
  12 yaks (D:10)
  A wyvern (D:10)
  Eustachio (D:6)
  A water moccasin (D:9)
  An acid dragon (D:7)
  4 black bears
  3 ice beasts
  3 sky beasts
  15 orc warriors
  6 ogres
  3 phantoms
  5 centaurs
  Blork the orc (D:4)
  A big kobold (D:11)
  5 bullfrogs
  A gnoll sergeant (D:7)
  A water moccasin zombie (D:8)
  A scorpion (D:9)
  5 wights (D:9)
  3 howler monkeys
  A jelly (D:10)
  A quasit (D:10)
  A centaur skeleton (D:7)
  11 hounds
  5 orc priests
  2 bullfrog skeletons
  6 iguanas
  9 orc wizards
  6 worker ants
  A worker ant zombie (D:7)
  4 gnolls (D:7)
  8 adders
  A shadow imp (D:10)
  7 white imps
  3 ufetubi
  An adder skeleton (D:4)
  3 adder zombies
  7 worms
  2 dart slugs (D:4)
  7 leopard geckos
  49 orcs
  A ball python (D:4)
  7 bats
  4 giant cockroaches
  9 goblins
  4 hobgoblins
  18 jackals
  7 quokkas
  4 frilled lizards
  A jackal skeleton (D:4)
  A jackal zombie (D:5)
  12 kobolds
  A quokka zombie (D:5)
  2 rats (D:3)
289 creatures vanquished.

Notes
Turn   | Place    | Note
-------+----------+-------------------------------------------
     0 | D:1      | DogServant the Ghoul Ice Elementalist began the quest for
                  | the Orb.
     0 | D:1      | Reached XP level 1. HP: 14/14 MP: 2/2
   371 | D:1      | Reached XP level 2. HP: 18/22 MP: 0/3
   452 | D:1      | Reached skill level 1 in Fighting
   494 | D:1      | Reached skill level 1 in Unarmed Combat
   756 | D:2      | Reached XP level 3. HP: 27/28 MP: 1/5
   765 | D:2      | Learned a level 3 spell: Frozen Ramparts
  1147 | D:2      | Found a snail-covered altar of Cheibriados.
  1696 | D:2      | Found a white marble altar of Elyvilon.
  1719 | D:2      | Found a burning altar of Makhleb.
  1726 | D:2      | Reached skill level 5 in Ice Magic
  1726 | D:2      | Reached XP level 4. HP: 29/36 MP: 2/6
  1762 | D:2      | Became a worshipper of Makhleb the Destroyer
  2054 | D:3      | Found an ancient bone altar of Kikubaaqudgha.
  2235 | D:3      | Learned a level 3 spell: Ozocubu's Armour
  2375 | D:3      | Reached XP level 5. HP: 29/42 MP: 3/7
  2946 | D:3      | Found a glowing silver altar of Zin.
  3274 | D:4      | Reached XP level 6. HP: 51/51 MP: 4/8
  3276 | D:4      | Reached * piety under Makhleb
  3472 | D:4      | Found a basalt altar of Yredelemnul.
  3618 | D:4      | Reached XP level 7. HP: 19/59 MP: 0/9
  3713 | D:4      | Found Boheokhlo's General Store.
  4177 | D:4      | Reached skill level 1 in Evocations
  4269 | D:4      | Noticed Blork the orc
  4280 | D:4      | Killed Blork the orc
  4412 | D:4      | Found a glowing golden altar of the Shining One.
  4541 | D:4      | Noticed an angel
  4556 | D:5      | Entered Level 5 of the Dungeon
  4592 | D:5      | Reached skill level 1 in Armour
  4594 | D:5      | Reached skill level 5 in Unarmed Combat
  4596 | D:5      | Reached XP level 8. HP: 15/66 MP: 0/10
  4934 | D:5      | Found an opulent altar of Gozag.
  4992 | D:5      | Found a staircase to the Ecumenical Temple.
  5326 | D:5      | Found Jubbuy's Armour Shoppe.
  5555 | D:6      | Found Keuk's Armour Emporium.
  5664 | D:4      | Bought an uncursed ring of ice for 300 gold pieces
  5734 | D:6      | Noticed Eustachio
  5815 | D:6      | Killed Eustachio
  5815 | D:6      | Reached ** piety under Makhleb
  6127 | D:6      | Found a broken altar of Ashenzari.
  6532 | D:7      | Found a large runed translucent door.
  6533 | D:7      | Found a large runed translucent door.
  6538 | D:7      | Found a large runed translucent door.
  6538 | D:7      | Found a large runed translucent door.
  6561 | D:7      | Reached XP level 9. HP: 73/73 MP: 5/11
  6596 | D:7      | Reached skill level 5 in Fighting
  6692 | D:7      | Found an iron altar of Okawaru.
  6729 | D:7      | Found a bloodstained altar of Trog.
  6928 | D:7      | Noticed Maggie
  6939 | D:7      | Killed Maggie
  7062 | D:7      | Reached *** piety under Makhleb
  7310 | D:7      | Noticed a boulder beetle
  7325 | D:7      | Killed a boulder beetle
  7325 | D:7      | Reached skill level 10 in Ice Magic
  7325 | D:7      | Reached XP level 10. HP: 81/81 MP: 9/12
  7415 | D:7      | Got a slimy amber ring
  7620 | D:7      | Found an ornate altar of the Wu Jian Council.
  7952 | D:8      | Found a sparkling altar of Nemelex Xobeh.
  8013 | D:8      | Noticed Prince Ribbit
  8030 | D:8      | Killed Prince Ribbit
  8030 | D:8      | Reached skill level 10 in Unarmed Combat
  8315 | D:9      | Reached skill level 1 in Invocations
  8327 | D:9      | Reached skill level 1 in Shields
  8328 | D:9      | Reached **** piety under Makhleb
  8728 | D:9      | Identified the ring "Aneuz" {rPois EV+4} (You found it on
                  | level 7 of the Dungeon)
  8739 | D:9      | Noticed a two-headed ogre
  8748 | D:9      | Killed a two-headed ogre
  8882 | D:9      | Reached XP level 11. HP: 91/91 MP: 9/13
  9119 | D:10     | Entered Level 10 of the Dungeon
  9271 | D:10     | Noticed a death yak
  9408 | D:10     | Noticed a two-headed ogre
  9409 | D:10     | Found a portal to a secret trove of treasure.
  9416 | D:10     | HP: 4/92 [two-headed ogre/+0 giant club (25)]
  9418 | D:10     | Killed a two-headed ogre
  9418 | D:10     | Reached skill level 5 in Invocations
  9517 | D:10     | Found a flagged portal.
  9535 | Bailey   | Entered a bailey
  9951 | Bailey   | Reached ***** piety under Makhleb
 10342 | Bailey   | Noticed an orc knight
 10360 | Bailey   | Killed an orc knight
 11819 | D:10     | Noticed a death yak
 11820 | D:10     | Noticed a death yak
 11847 | D:10     | Noticed a death yak
 11850 | D:10     | HP: 1/97 [death yak (10)]
 11851 | D:10     | Slain by a death yak

Illustrated notes

Levels and vault maps discovered:
D:1:      elethiomel_arrival_quiet, layout_basic
D:2:      layout_basic, elyvilon_altar_4, lemuel_crystal_altar,
          makhleb_heckhound_becter
D:3:      layout_loops_ring, lemuel_round_altar, nicolae_overflow_crystal_walls
D:4:      layout_loops_corners, grunt_temple_overflow_holy_war,
          nicolae_overflow_hidden_temple, serial_shops, shop, uniq_blork_the_orc
D:5:      layout_cave_pods, grunt_gozag_breadcrumbs,
          minmay_temple_entry_drinking_statues, serial_shops, shop_statue
D:6:      minmay_skewed_foursquare, layout_basic, overflow_temple_1_default,
          serial_shops, kennysheep_little_box, kennysheep_generic_room_10,
          uniq_eustachio
D:7:      layout_loops_ring, okawaru_gym_becter, trog_ov_bears_minmay,
          kennysheep_mini_moat, minmay_hollow_rounded_squares, uniq_maggie
D:8:      layout_rooms, nemelex_xobeh_ov_fountains_minmay, uniq_prince_ribbit1
D:9:      layout_loops_ring
D:10:     layout_grid_maze, dpeg_lair_monsters, enter_bailey_3, enter_trove_2
D:11:     layout_basic, kennysheep_orc_monster_closet_entryway, basic_altar,
          serial_shops, shop, eino_jars

Skill      XL: |  1  2  3  4  5  6  7  8  9 10 11 |
---------------+----------------------------------+-----
Spellcasting   | 2 |  2.0
Fighting       | 1 2 3 4 5 6 9 |  9.5
Unarmed Combat | 1 2 3 4 5 6 9 10 | 10.5
Ice Magic      | 5 6 8 10 | 10.4
Evocations     | 1 2 |  2.1
Armour         | 1 3 |  3.0
Dodging        | 2 3 |  3.0
Invocations    | 4 7 |  7.8
Shields        | 3 4 |  4.0
Stealth        | |  2.1

Action                   |  1- 3 |  4- 6 |  7- 9 | 10-12 || total
-------------------------+-------+-------+-------+-------++-------
Melee: Unarmed           |    78 |   117 |   304 |   360 ||   859
       Punch             |       |     2 |     3 |    24 ||    29
 Fire: Arbalest          |       |       |       |    33 ||    33
Throw: Boomerang         |       |       |     3 |       ||     3
 Cast: Freeze            |    20 |     3 |     4 |       ||    27
       Frozen Ramparts   |     3 |    18 |    35 |    42 ||    98
       Ozocubu's Armour  |       |       |     6 |     6 ||    12
Evoke: Wand              |       |       |     1 |     6 ||     7
  Use: Scroll            |       |       |    14 |     8 ||    22
       Potion            |       |       |     2 |       ||     2
 Stab: Sleeping          |       |     3 |     1 |     1 ||     5
       Distracted        |       |     1 |       |       ||     1
       Paralysed         |       |       |    10 |       ||    10
Armor: Robe              |    10 |       |       |       ||    10
       Leather armour    |    22 |    15 |   100 |   118 ||   255
Dodge: Dodged            |    94 |    64 |   198 |   270 ||   626

Table legend: (Time is in decaauts)
 A = Elapsed time spent in this place.
 B = Non-inter-level travel time spent in this place.
 C = Inter-level travel time spent in this place.
 D = Time resting spent in this place.
 E = Time spent auto-exploring this place.
 F = Levels seen in this place.
 G = Mean time per level.
                   A        B        C        D        E       F      G
               +--------+--------+--------+--------+--------+-----+--------+
         Total |  11886 |  11174 |    712 |   1315 |   7308 |  12 |  990.5 |
       Dungeon |  10709 |   9997 |    712 |    990 |   6832 |  11 |  973.5 |
        Bailey |   1177 |   1177 |      0 |    325 |    476 |   1 | 1177.0 |
               +--------+--------+--------+--------+--------+-----+--------+

Top non-repeatable levels by time:
     D:4: 1615 daAuts
     D:2: 1306 daAuts
     D:7: 1305 daAuts
    D:10: 1262 daAuts
  Bailey: 1177 daAuts
     D:5: 1055 daAuts
     D:3: 988 daAuts
     D:6: 953 daAuts
     D:9: 903 daAuts
     D:1: 739 daAuts
     D:8: 538 daAuts
    D:11: 38 daAuts
